Map: Cyber Forest LE

Players

Mez

  • Race: Terran Terran
  • League: Master
  • Spawn Location: 11:00

BlackSeeKeR - Winner!

  • Race: Protoss Protoss
  • League: Diamond
  • Spawn Location: 5:00

VOD

Have the link to the VOD?

Description

Time

  • Played on: Aug. 19, 2019, 2:23 p.m.
  • Length: 20:16
Show
View Real Time Build Order
Export as new Build Order

Mez Terran 

Build Orders: Reaper Expand 

Get SALT Encoding   

  12  0:01  SCV  
  13  0:13  SCV  
  14  0:18  Supply Depot  
  14  0:25  SCV  
  15  0:39  SCV  
  15  0:41  Barracks  
  16  0:44  Refinery  
  16  0:51  SCV  
  17  1:03  SCV  
  18  1:15  SCV  
  19  1:29  Reaper, Orbital Command  
  20  1:43  Command Center  
  20  1:54  Bunker  
  20  1:56  SCV  
  20  2:01  Marine  
  22  2:05  Supply Depot  
  22  2:09  SCV  
  23  2:21  Barracks Reactor  
  23  2:26  SCV  
  24  2:38  Command Center  
  24  2:39  SCV  
  25  2:48  Factory  
  25  2:51  SCV  
  25  3:07  Orbital Command  
  25  3:08  SCV, Marine  
  25  3:09  Marine  
  28  3:19  Refinery  
  28  3:20  SCV  
  29  3:28  Marine  
  29  3:29  Marine  
  29  3:32  SCV  
  29  3:33  SCV  
  33  3:35  Widow Mine  
  33  3:40  Starport  
  35  3:44  SCV  
  35  3:45  SCV  
  37  3:51  Orbital Command  
  37  3:56  SCV  
  37  3:57  Widow Mine, SCV  
  37  4:01  Marine x2  
  43  4:08  SCV  
  43  4:09  SCV  
  45  4:17  Supply Depot  
  45  4:20  SCV, Starport Tech Lab, Factory Tech Lab  
  45  4:21  SCV, Marine x2  
  45  4:23  SCV  
  50  4:27  Refinery  
  50  4:32  SCV  
  50  4:33  SCV  
  50  4:35  SCV  
  53  4:39  Siege Tank  
  56  4:48  Barracks  
  56  4:49  Raven, Barracks, Supply Depot  
  56  4:50  Marine x2  
  60  4:57  SCV x3  
  63  5:00  Refinery  
  63  5:09  SCV x2  
  63  5:11  Marine x2  
  63  5:13  Supply Depot  
  67  5:15  Siege Tank  
  70  5:26  Engineering Bay  
  70  5:27  Engineering Bay  
  70  5:29  SCV x2, Marine  
  70  5:31  SCV  
  74  5:40  Starport Reactor  
  74  5:41  SCV  
  74  5:42  SCV  
  76  5:49  Supply Depot  
  76  5:50  Supply Depot  
  76  5:52  SCV  
  76  5:53  SCV  
  76  5:54  Terran Infantry Armor Level 1, Marine, Barracks, Terran Infantry Weapons Level 1  
  76  5:55  Marine, Barracks, Marauder  
  76  5:56  Factory Reactor  
  76  5:57  Stimpack  
  82  6:11  Orbital Command  
  81  6:21  SCV x2  
  81  6:22  Marine x2, Marauder  
  81  6:23  Marauder  
  81  6:24  Combat Shield  
  81  6:25  Medivac x2  
  93  6:33  SCV x2  
  93  6:39  SCV, Marine  
  96  6:42  Marine  
  96  6:44  Barracks Reactor, Marauder  
  96  6:45  SCV  
  96  6:46  Supply Depot, Barracks Tech Lab  
  101  6:48  Supply Depot x2  
  101  6:51  Supply Depot  
  101  7:00  SCV x3, Marine  
  101  7:01  Marauder  
  107  7:04  Medivac x2  
  107  7:07  Marauder  
  113  7:09  Concussive Shells  
  113  7:10  Marine  
  113  7:11  Marauder  
  113  7:12  Widow Mine, SCV x3  
  113  7:13  Widow Mine  
  123  7:16  Supply Depot  
  123  7:18  Supply Depot  
  123  7:22  Marauder  
  125  7:24  SCV x2  
  125  7:27  Missile Turret  
  125  7:29  Missile Turret, Marauder  
  129  7:30  SCV  
  129  7:32  Marauder  
  129  7:34  Armory  
  129  7:37  SCV  
  133  7:39  Refinery  
  133  7:40  Refinery  
  133  7:41  Marine x4  
  135  7:44  Bunker  
  135  7:46  SCV  
  135  7:47  SCV, Supply Depot  
  124  8:09  Marine x6, Marauder  
  131  8:14  Medivac x2  
  127  8:24  Widow Mine x2  
  121  8:27  Marine x5  
  121  8:28  Marauder  
  121  8:30  Marine  
  112  8:45  Marine x5  
  112  8:48  Widow Mine x2, Marine  
  118  8:49  SCV x2, Marine  
  118  8:53  Supply Depot  
  118  8:54  Supply Depot  
  121  8:55  Terran Infantry Armor Level 2, Terran Infantry Weapons Level 2  
  121  8:58  Medivac x2  
  123  9:03  Command Center, Marine x5  
  123  9:04  Terran Ship Weapons Level 1  
  123  9:06  Marine x2  
  130  9:14  Ghost Academy  
  130  9:22  SCV x3  
  133  9:28  Marine x5, Marauder x2  
  142  9:34  SCV  
  142  9:36  Widow Mine x2  
  147  9:43  Starport  
  147  9:45  Supply Depot  
  147  9:47  Supply Depot  
  147  9:52  Ghost x2  
  151  9:53  Marine x4  
  151  9:54  Ghost  
  151  9:57  Supply Depot  
  151  9:58  SCV x3  
  160  10:10  SCV  
  161  10:18  Marine  
  149  10:24  Marine x3, Marauder x2  
  149  10:26  Medivac x2  
  149  10:28  Widow Mine x2  
  163  10:33  Fusion Core, SCV  
  163  10:34  SCV x2  
  166  10:36  Barracks, Starport Tech Lab  
  166  10:37  Barracks  
  166  10:38  Barracks  
  166  10:52  Marine x4, Marauder  
  166  10:53  Marine  
  175  10:57  Widow Mine x2, SCV x2  
  150  11:21  Marine, Marauder  
  128  11:29  Marine x3, Marauder x2  
  128  11:30  SCV x3  
  117  11:33  Planetary Fortress  
  117  11:39  Marine  
  112  11:42  SCV x3  
  113  11:52  Marine x3, Marauder x3  
  122  11:54  SCV  
  122  11:55  Barracks Reactor, Barracks Tech Lab  
  122  11:57  Viking x2  
  122  11:59  Viking  
  123  12:10  Marine  
  123  12:12  SCV x2  
  123  12:13  Ghost x2, SCV, Marauder  
  131  12:22  SCV  
  131  12:24  SCV x2  
  131  12:29  Viking x2  
  125  12:33  Ghost  
  125  12:34  Ghost, Marine x5  
  125  12:35  Marine  
  135  12:43  Barracks Tech Lab  
  131  12:48  Marauder  
  124  12:51  Viking  
  124  12:55  Orbital Command  
  94  12:59  Viking  
  94  13:03  Marine, Marauder  
  83  13:07  Marine x3  
  83  13:08  Marine x4, Marauder  
  83  13:09  Marine, Liberator x2  
  84  13:17  SCV x3  
  87  13:21  Marine  
  87  13:24  Marine  
  87  13:25  Marine x4  
  99  13:27  Liberator  
  99  13:29  SCV x3  
  99  13:31  SCV  
  103  13:41  SCV x3  
  104  13:43  SCV  
  104  13:48  Advanced Ballistics  
  110  13:49  Terran Infantry Weapons Level 3  
  110  13:54  Refinery  
  110  13:55  Refinery  
  110  13:57  Liberator x2  
  110  13:59  Marine  
  110  14:00  Marine x6  
  123  14:21  Missile Turret  
  123  14:25  Marine x6, Marauder x4  
  136  14:34  Orbital Command  
  136  14:44  Medivac  
  118  14:57  Medivac x2  
  118  14:59  Marine x4, Marauder x4  
  125  15:11  SCV x4  
  129  15:23  SCV x2  
  131  15:28  Ghost x2  
  131  15:29  Sensor Tower, Marine  
  131  15:30  Sensor Tower, Marine x2  
  138  15:36  SCV  
  138  15:37  SCV  
  140  15:43  Supply Depot  
  140  15:48  Supply Depot x2  
  140  16:05  SCV, Marine, Marauder  
  140  16:06  Marauder x2  
  140  16:10  Marauder  
  150  16:30  Marine x5, Marauder x3  
  150  16:31  Marine  
  153  16:35  Viking  
  150  16:44  Ghost  
  141  17:05  Ghost x2  
  141  17:06  Marine, Marauder x2  
  150  17:13  Marauder  
  147  17:28  Marine x2, Marauder x2  
  147  17:29  Viking x2  
  157  17:36  Viking  
  159  17:43  Refinery  
  159  17:44  Refinery, Marine  
  159  17:45  Marine x4  
  157  18:13  Viking x3  
  158  19:12  Supply Depot  
  158  19:13  Supply Depot  
  154  19:21  Marine x3  
  154  19:22  Viking, Marine x2, Marauder x2  
  154  19:23  Viking, Marauder  
  154  19:24  Viking, Marauder x2  
  141  19:30  Marine  
  114  19:43  Marauder  
  114  19:44  Marine, Marauder x2  
  121  19:51  Orbital Command  
  121  19:55  Marine  
  121  19:56  Marine x4  
Show
View Real Time Build Order
Export as new Build Order

BlackSeeKeR Protoss - Winner!

Build Orders: 1 Gate Expand, Archon Immortal, Blink Stalkers 

Get SALT Encoding   

  12  0:00  Probe  
  13  0:12  Probe  
  14  0:18  Pylon  
  14  0:24  Probe  
  15  0:33  Probe  
  15  0:39  Gateway  
  15  0:41  Probe  
  16  0:47  Assimilator  
  17  0:51  Probe  
  18  1:03  Probe  
  19  1:15  Probe  
  20  1:25  Cybernetics Core  
  20  1:26  Zealot  
  22  1:43  Nexus  
  22  1:53  Probe  
  22  1:54  Pylon  
  23  2:00  Assimilator  
  23  2:02  Adept  
  23  2:07  Warp Gate  
  23  2:11  Probe  
  25  2:23  Probe  
  25  2:26  Stalker  
  26  2:35  Probe  
  29  2:47  Stalker, Probe  
  29  2:48  Twilight Council  
  32  2:59  Probe  
  32  3:03  Probe  
  32  3:04  Blink  
  32  3:11  Probe  
  33  3:15  Probe  
  34  3:23  Probe  
  35  3:28  Probe  
  36  3:35  Probe  
  36  3:40  Probe, Gateway x2  
  38  3:43  Robotics Facility  
  38  3:47  Probe  
  39  3:51  Pylon  
  39  3:52  Probe  
  40  3:57  Stalker  
  40  3:59  Probe  
  43  4:04  Probe  
  44  4:12  Probe  
  45  4:17  Probe  
  45  4:22  Nexus  
  45  4:23  Stalker  
  48  4:25  Probe  
  48  4:27  Observer  
  49  4:35  Probe  
  49  4:38  Probe  
  52  4:39  Stalker  
  54  4:47  Pylon  
  54  4:48  Assimilator  
  54  4:54  Pylon  
  54  5:01  Pylon  
  54  5:05  Probe x2, Observer  
  54  5:06  Forge  
  54  5:07  Forge, Charge  
  57  5:17  Probe x2  
  59  5:22  Protoss Ground Armor Level 1, Protoss Ground Weapons Level 1  
  59  5:27  Observer  
  60  5:29  Probe x2  
  60  5:35  Probe  
  63  5:41  Probe x2  
  65  5:46  Gateway x2  
  65  5:47  Probe  
  66  5:50  Gateway  
  66  5:53  Probe x2  
  66  5:54  Sentry  
  70  5:59  Probe  
  70  6:02  Observer, Gateway  
  71  6:05  Probe  
  71  6:10  Gateway  
  71  6:11  Zealot x2, Pylon  
  74  6:12  Pylon  
  74  6:13  Probe  
  74  6:18  Immortal, Probe  
  76  6:29  Zealot  
  76  6:32  Zealot x2  
  86  6:33  Probe  
  87  6:44  Zealot x3  
  93  6:48  Pylon  
  93  6:49  Warp Prism  
  93  6:51  Pylon  
  93  6:54  Pylon  
  93  6:55  Zealot x3  
  101  7:07  Zealot x4  
  101  7:08  Zealot  
  111  7:13  Nexus  
  111  7:18  Protoss Ground Weapons Level 2, Protoss Ground Armor Level 2  
  111  7:24  Pylon  
  111  7:25  Zealot x3  
  117  7:47  Zealot  
  117  7:48  Zealot x7  
  133  7:52  Probe x3  
  136  8:04  Probe x3  
  121  8:10  Zealot x6  
  121  8:11  Zealot x2  
  121  8:18  Immortal  
  113  8:21  Probe  
  113  8:22  Probe x2  
  100  8:32  Probe  
  100  8:33  Probe  
  100  8:34  Probe x2  
  96  8:44  Immortal, Probe  
  96  8:46  Probe x3  
  96  8:54  Zealot x6  
  96  8:55  Zealot  
  104  8:56  Zealot  
  104  9:02  Assimilator x2  
  110  9:03  Observer  
  110  9:07  Templar Archives, Observer  
  108  9:11  Nexus  
  108  9:15  Sentry  
  110  9:20  Stalker x5  
  110  9:24  Robotics Bay  
  120  9:31  Immortal  
  120  9:37  Pylon  
  124  9:49  High Templar x2, Robotics Facility  
  124  9:51  Zealot  
  124  9:52  Zealot, High Templar x2  
  134  9:54  Archon, Zealot x2  
  134  9:59  Archon  
  140  10:02  Immortal  
  140  10:05  Protoss Ground Armor Level 3  
  140  10:13  Zealot x2  
  148  10:16  Gateway  
  148  10:18  Gateway  
  134  10:22  Colossus  
  134  10:23  Zealot x4  
  130  10:32  Zealot  
  130  10:33  Zealot  
  130  10:35  Immortal  
  134  10:36  Zealot x2  
  148  10:47  Zealot  
  148  10:49  Zealot  
  152  10:50  Zealot x2  
  156  10:58  Stalker x2  
  156  10:59  Zealot  
  156  11:00  Zealot  
  162  11:10  Colossus  
  144  11:15  Zealot x6  
  138  11:22  Zealot x4  
  113  11:37  Stalker x6  
  113  11:39  Probe x3  
  117  11:45  Stalker x3  
  122  11:47  Probe  
  122  11:54  Probe x2  
  122  11:55  Probe x2  
  122  11:58  Zealot  
  126  12:03  Probe  
  126  12:06  Probe x2  
  125  12:12  Probe x2  
  125  12:15  Probe  
  128  12:18  Probe x2  
  128  12:22  Colossus  
  130  12:30  Zealot  
  130  12:31  Zealot x8  
  130  12:32  Zealot  
  130  12:34  Probe x4  
  130  12:35  Probe  
  159  12:46  Probe x3  
  159  12:51  Zealot x7  
  158  12:52  Zealot  
  158  13:01  Observer  
  158  13:02  Protoss Ground Weapons Level 3  
  158  13:04  Colossus  
  144  13:11  Zealot  
  144  13:12  Zealot x5  
  138  13:14  Colossus  
  138  13:16  Protoss Shields Level 1  
  128  13:28  Zealot x7  
  128  13:29  Zealot x3  
  128  13:31  Probe x2  
  150  13:34  Probe  
  150  13:35  Probe x2  
  153  13:43  Probe x2  
  153  13:46  Assimilator  
  153  13:47  Probe, Assimilator  
  156  13:48  Assimilator  
  156  13:49  Warp Prism  
  158  14:12  Zealot x4  
  158  14:15  Zealot  
  158  14:16  Zealot x5  
  176  14:26  Assimilator  
  176  14:27  Pylon  
  176  14:29  Assimilator  
  176  14:41  Extended Thermal Lance  
  176  14:44  Pylon  
  174  14:47  Pylon  
  174  14:48  Pylon  
  172  15:00  Dark Shrine  
  172  15:03  Protoss Shields Level 2  
  172  15:05  Colossus, Warp Prism  
  178  15:09  Stalker x8  
  192  15:18  Pylon  
  192  15:20  Pylon  
  191  15:39  Stalker x2, Nexus  
  191  15:40  Stalker x2  
  199  15:51  Psionic Storm, Stargate  
  199  16:07  Shadow Stride  
  195  16:13  Warp Prism  
  189  16:21  Gravitic Drive  
  189  16:22  Stalker x3  
  186  16:30  Probe x2  
  186  16:32  Probe x2  
  175  16:38  Probe  
  172  16:42  Probe x2  
  172  16:44  Probe  
  171  16:47  Fleet Beacon  
  171  16:50  Stargate  
  171  16:51  Stargate  
  171  16:52  Stalker x5  
  175  17:00  Pylon  
  175  17:10  Protoss Shields Level 3  
  161  17:18  Zealot x4  
  161  17:19  Zealot x5  
  179  17:25  Protoss Air Weapons Level 1  
  179  17:27  Tempest x2  
  179  17:28  Tempest  
  179  17:30  Gravitic Boosters  
  194  17:50  Photon Cannon  
  194  17:51  Shield Battery  
  194  18:03  Stalker x4  
  200  18:07  Nexus  
  196  18:19  Tempest  
  197  18:44  Gateway  
  197  18:47  Assimilator  
  197  18:49  Assimilator  
  197  18:55  Gateway  
  197  19:10  Warp Prism  
  181  19:25  Zealot x9  
  181  19:26  Zealot  
  129  19:48  Stalker x3  
  129  19:49  Stalker x8  
  129  19:50  Stalker  
  158  20:09  Pylon  
  152  20:15  Zealot x7  
  152  20:16  Zealot x5  
Tags
 
Add a new tag
Caveats
  • Supply blocks, unpowered buildings, or Contaminate may cause inaccurate times.
  • Supply counts are checked every 10 seconds.